 Dungeon Crawl Stone Soup version 0.31-a0-521-gc7390f8997 (webtiles) character file.

Game seed: 5646172383961130383

14182 CraigForest the Cleaver (level 12, -2/142 HPs)
             Began as a Formicid Fighter on Aug 11, 2023.
             Was a Priest of Ru.
             Slain by arthad's ghost (6 damage)
             ... on level 11 of the Dungeon.
             The game lasted 00:40:52 (12379 turns).

CraigForest the Cleaver (Formicid Fighter)         Turns: 12379, Time: 00:40:52

Health: -2/142     AC: 30    Str: 27    XL:     12   Next: 42%
Magic:  10/10      EV:  2    Int:  7    God:    Ru [***...]
Gold:   225        SH:  5    Dex:  8    Spells: 11/11 levels left

rFire   . . .        O - +4 battleaxe (freeze)
rCold   . . .        c - +0 buckler
rNeg    . . .        U - melded +2 leather armour {rPois}
rPois   +            (helmet unavailable)
rElec   .            p - melded +0 cloak
rCorr   +            q - melded +0 pair of gloves
SInv    .            (boots currently unavailable)
Will    ++...        M - amulet of the acrobat
Stlth   ++           t - +4 ring of protection
HPRegen 0.43/turn    W - ring "Ochyepal" {Will+ rCorr Dex-5 Slay+3}
MPRegen 0.12/turn

%: acrobat
@: tree-form
A: stationary, stasis, torment immunity, boosted hp, permanent stasis, dig
shafts and tunnels, (antennae 3), low MP 1, hated by all, no air magic, no
translocations magic, no transmutations magic, disrupted magic 1, four strong
arms
a: Renounce Religion, Draw Out Power


You were on level 11 of the Dungeon.
You worshipped Ru.
Ru was most pleased with you.
You were a tree.
You visited 1 branch of the dungeon, and saw 11 of its levels.

You collected 745 gold pieces.
You spent 520 gold pieces at shops.

Inventory:

Hand Weapons
 a - a +0 trident
 d - a +0 glaive
 j - a +3 quarterstaff of chaos
 n - a +1 scythe
 L - a +5 flail
 O - a +4 battleaxe of freezing (weapon)
Missiles
 f - 10 poisoned darts
 h - 15 boomerangs
 G - 10 javelins (quivered)
 K - 3 throwing nets
Armour
 b - a +0 scale mail
 c - a +0 buckler (worn)
 p - a +0 cloak (melded)
 q - a +0 pair of gloves (melded)
 E - a +0 plate armour
 H - +0 steam dragon scales
 U - a +2 leather armour of poison resistance (melded)
Jewellery
 s - a ring of poison resistance
 t - a +4 ring of protection (left branch)
 y - a ring of protection from fire
 A - a ring of protection from cold
 M - an amulet of the acrobat (around neck)
 P - a ring of wizardry
 Q - a ring of fire
 S - a ring of positive energy
 W - the ring "Ochyepal" (right branch) {Will+ rCorr Dex-5 Slay+3}
   (You bought it in a shop on level 11 of the Dungeon)

   [ring of resist corrosion]

   Dex-5:     It affects your dexterity (-5).
   Slay+3:    It affects your accuracy & damage with ranged weapons and melee
   (+3).
   Will+:     It increases your willpower.
   rCorr:     It protects you from acid and corrosion.
Talismans
 e - a flux talisman
 T - a serpent talisman
Wands
 B - a wand of iceblast (13)
 D - a wand of flame (50)
 N - a wand of polymorph (3)
 V - a wand of digging (5)
Scrolls
 g - a scroll of poison {unknown}
 l - a scroll of vulnerability {unknown}
 m - 2 scrolls of fear
 o - a scroll of fog
 r - 2 scrolls of revelation
 x - a scroll of silence {unknown}
 C - a scroll of enchant armour {unknown}
 I - 3 scrolls of acquirement {unknown}
 J - a scroll of immolation {unknown}
 R - a scroll of amnesia {unknown}
Potions
 i - 9 potions of curing
 k - 5 potions of cancellation
 v - 4 potions of brilliance
 w - 2 potions of enlightenment
 z - a potion of ambrosia
 F - a potion of mutation {unknown}


   Skills:
 + Level 9.1 Fighting
 + Level 10.3(12.1) Axes
 + Level 10.2(12.0) Polearms
 + Level 0.8 Throwing
 + Level 6.8 Armour
 + Level 6.0 Dodging
 + Level 4.3 Stealth
 + Level 7.6 Shields


You had 11 spell levels left.
You didn't know any spells.
Your spell library contained the following spells:

 Spells                   Type           Power      Damage    Failure   Level
 Foxfire                  Conj/Fire      0%         2x1d4     56%         1
 Magic Dart               Conj           0%         1d3       56%         1
 Ozocubu's Armour         Ice            0%         N/A       89%         3
 Cause Fear               Hex            0%         N/A       99%         4
 Fireball                 Conj/Fire      0%         3d3       100%        5
 Metabolic Englaciation   Hex/Ice        0%         N/A       100%        5
 Starburst                Conj/Fire      0%         6d3       100%        6
 Call Imp                 Summ           Unusable   N/A       N/A         2
 Mephitic Cloud           Conj/Pois/Air  Unusable   N/A       N/A         3
 Plasma Beam              Fire/Air       Unusable   2x1d10    N/A         6
 Simulacrum               Ice/Necr       Unusable   N/A       N/A         6
 Dragon's Call            Summ           Unusable   N/A       N/A         9

Dungeon Overview and Level Annotations

Branches:
Dungeon (11/15)            Temple (0/1) D:4            Lair (0/5) D:10
    Orc (0/2) D:9

Altars:
Dithmenos
Makhleb
Okawaru
Qazlal
Ru
Sif Muna
Vehumet
Wu Jian
Xom
The Shining One

Shops:
D:7 (   D:9 =(   D:11 =

Annotations:
D:11 arthad's ghost, journeyman DrSh


Innate Abilities, Weirdness & Mutations

You are a tree.
Your roots penetrate the ground, keeping you stationary.
You cannot be teleported.
You are immune to unholy pain and torment.
Your maximum health is greatly increased.
Your equipment is partially melded.
You cannot be hasted, slowed, berserked, paralysed or teleported.
You can dig through walls and to a lower floor.
((You have a pair of large antennae on your head. (SInv)))
Your magical capacity is low. (-10% MP)
You are hated by all.
You cannot study or cast Air magic.
You cannot study or cast Translocations magic.
You cannot study or cast Transmutations magic.
Your casting is slightly disrupted.
Your four strong arms can wield two-handed weapons with a shield.


Message History

You slash the freezing wraith!
The freezing wraith is moderately damaged.
You barely miss arthad's ghost. The freezing wraith hits you.
The freezing wraith freezes you!!
* * * LOW HITPOINT WARNING * * *
The freezing wraith hits you but does no damage.
Arthad's ghost hits you.
* * * LOW HITPOINT WARNING * * *
You closely miss the freezing wraith.
The freezing wraith is moderately damaged.
You barely miss arthad's ghost.
The freezing wraith hits you but does no damage.
The freezing wraith hits you!
* * * LOW HITPOINT WARNING * * *
The freezing wraith drains your vigour!
Your stasis prevents you from being slowed.
Arthad's ghost hits you.
* * * LOW HITPOINT WARNING * * *
You closely miss the freezing wraith.
The freezing wraith is moderately damaged.
You barely miss arthad's ghost. The freezing wraith hits you.
* * * LOW HITPOINT WARNING * * *
The freezing wraith freezes you!
* * * LOW HITPOINT WARNING * * *
The freezing wraith hits you but does no damage.
You redirect arthad's ghost's attack!
Arthad's ghost hits itself!
Okay, then.
As you read the scroll of fear, it crumbles to dust.
You assume a fearsome visage.
The freezing wraith is unaffected.
Arthad's ghost is unaffected.
The freezing wraith hits you but does no damage. x2
Arthad's ghost hits you but does no damage.
Unknown command.
You slash the freezing wraith!
The freezing wraith is heavily damaged.
You slash arthad's ghost! You freeze arthad's ghost.
The freezing wraith hits you but does no damage. x2
Arthad's ghost hits you.
You die...

#.##.###...## #.# #.##.
...#.# ##.## #.# #.#..
#..#.# #.# #.# #.#.#
#..#.# #.# #.# #...#
#..#.# #.# #.# ###.#
#..#.# #.# ##.# #.. #..#.#
#.######..###### ##.
#..#.# #......W.).....##
## #..#.#
#......W♣.......# #..#.##
#...#########...# ###
#.....###..##8.$9!$8##..#
###.#
#.##.......#........©#..#
##.~.~
#.######...#..#...#..#..#
#.~~≈~
#.######...#.#.....#.#..#
#..~≈~
#..........#....©....#..#
#~~≈~~
#..#####...#.#.....#.#..##
#~≈≈≈~ #..#
#...#..#...#..#...###.~~~~


You could see a freezing wraith, a gargoyle and arthad's ghost.

Vanquished Creatures
  The ghost of Xavori the Carver, a journeyman DjCK of Xom (D:9)
  2 boulder beetles
  2 two-headed ogres
  A skeletal warrior (D:11)
  A manticore (D:11)
  A gargoyle (D:11)
  6 trolls
  A hornet (D:9)
  Sigmund (D:2)
  4 wyverns
  A wraith (D:11)
  23 yaks
  3 vampire mosquitoes
  Edmund (D:5)
  A steam dragon (D:6)
  5 water moccasins
  2 acid dragons
  2 ice beasts
  2 black bears
  2 orc warriors (D:10)
  A sky beast (D:4)
  The ghost of Monarks the Cudgeller, an amateur AtMo (D:3)
  3 centaurs
  A bullfrog (D:8)
  2 scorpions
  11 wights
  5 killer bees (D:11)
  3 howler monkeys
  A jelly (D:6)
  2 gnoll boudas (D:7)
  2 hounds (D:5)
  8 orc priests
  Crazy Yiuf (D:4)
  3 sleepcaps (D:5)
  Jessica (D:2)
  Natasha (thrice) (D:4)
  5 iguanas
  5 orc wizards
  Robin (D:2)
  8 adders
  8 gnolls (D:7)
  4 shadow imps
  3 white imps
  3 worms
  A dart slug (D:4)
  43 orcs
  2 ball pythons (D:4)
  3 endoplasms
  7 giant cockroaches
  14 goblins
  8 hobgoblins
  A jackal (D:4)
  6 kobolds
  3 quokkas
  3 bats
  3 frilled lizards
  4 rats
245 creatures vanquished.

Notes
Turn   | Place    | Note
-------+----------+-------------------------------------------
     0 | D:1      | CraigForest the Formicid Fighter began the quest for the
                  | Orb.
     0 | D:1      | Reached XP level 1. HP: 18/18 MP: 1/1
   107 | D:1      | Reached XP level 2. HP: 24/24 MP: 2/2
   550 | D:1      | Found a faded altar of an unknown god.
   553 | D:1      | Prayed at the altar of an unknown god.
   553 | D:1      | Became a worshipper of Ru the Awakened
   563 | D:1      | Gained mutation: Your magical capacity is low. (-10% MP)
                  | [Ru sacrifice]
  1000 | D:2      | Noticed Robin
  1002 | D:2      | Reached XP level 3. HP: 29/29 MP: 2/2
  1020 | D:2      | HP: 1/29 [hobgoblin[Robin] (6)]
  1026 | D:2      | Killed Robin
  1182 | D:2      | Noticed Jessica
  1186 | D:2      | Killed Jessica
  1187 | D:2      | Reached XP level 4. HP: 30/35 MP: 3/3
  1315 | D:2      | Reached XP level 5. HP: 41/41 MP: 4/4
  1524 | D:2      | Noticed Sigmund
  1542 | D:2      | Killed Sigmund
  1543 | D:2      | Reached skill level 1 in Dodging
  1543 | D:2      | Reached XP level 6. HP: 20/48 MP: 5/5
  1981 | D:3      | Found a runed translucent gate.
  1981 | D:3      | Found a runed translucent gate.
  1981 | D:3      | Found a runed translucent gate.
  1982 | D:3      | Noticed Monarks's ghost (amateur AtMo)
  2481 | D:3      | Noticed a water moccasin
  2492 | D:3      | Killed a water moccasin
  2493 | D:3      | Reached skill level 5 in Armour
  2493 | D:3      | Reached XP level 7. HP: 34/53 MP: 6/6
  2655 | D:3      | Reached skill level 5 in Polearms
  2956 | D:3      | Killed Monarks's ghost
  3236 | D:4      | Found a staircase to the Ecumenical Temple.
  3416 | D:4      | Gained mutation: You are hated by all. [Ru sacrifice]
  3416 | D:4      | Reached * piety under Ru
  3416 | D:4      | Reached ** piety under Ru
  3541 | D:4      | Noticed Natasha
  3550 | D:4      | Killed Natasha
  3691 | D:4      | Found a stormy altar of Qazlal.
  3691 | D:4      | Found a burning altar of Makhleb.
  3701 | D:4      | Found a shadowy altar of Dithmenos.
  3703 | D:4      | Found a faded altar of an unknown god.
  3786 | D:4      | Found a runed translucent door.
  3787 | D:4      | Noticed Crazy Yiuf
  3804 | D:4      | Killed Crazy Yiuf
  3805 | D:4      | Reached XP level 8. HP: 24/60 MP: 7/7
  3967 | D:4      | Noticed Natasha
  3972 | D:4      | Killed Natasha
  4184 | D:4      | Noticed Natasha
  4191 | D:4      | Killed Natasha
  4398 | D:4      | Reached skill level 5 in Shields
  4655 | D:5      | Entered Level 5 of the Dungeon
  4814 | D:5      | Noticed Edmund
  4837 | D:5      | Killed Edmund
  5002 | D:5      | Reached skill level 5 in Fighting
  5169 | D:5      | Reached XP level 9. HP: 68/68 MP: 8/8
  5300 | D:5      | Found a shimmering altar of Xom.
  5386 | D:5      | Found a glowing golden altar of the Shining One.
  5832 | D:6      | Found a shimmering blue altar of Sif Muna.
  5877 | D:6      | Reached skill level 1 in Stealth
  5892 | D:6      | Noticed a boulder beetle
  5908 | D:6      | Noticed a troll
  5909 | D:6      | HP: 1/68 [boulder beetle (10)]
  5914 | D:6      | Killed a boulder beetle
  5920 | D:6      | HP: 2/103 [vampire mosquito (5)]
  5928 | D:6      | HP: 3/103 [troll (4)]
  5929 | D:6      | HP: 1/103 [troll (1)]
  5930 | D:6      | Killed a troll
  5931 | D:6      | Reached XP level 10. HP: 1/76 MP: 9/9
  6663 | D:7      | Found Nuacw's Antique Weapon Emporium.
  6688 | D:7      | Found an iron altar of Okawaru.
  6706 | D:7      | Reached skill level 10 in Polearms
  6708 | D:7      | Gained mutation: Your casting is slightly disrupted. [Ru
                  | sacrifice]
  7243 | D:7      | Found a radiant altar of Vehumet.
  7613 | D:8      | Reached skill level 1 in Axes
  8412 | D:9      | Noticed Xavori's ghost (journeyman DjCK)
  8413 | D:9      | Found a runed translucent door.
  8465 | D:9      | Killed Xavori's ghost
  8482 | D:9      | Found Neiluri's Jewellery Shoppe.
  8489 | D:9      | Noticed a two-headed ogre
  8517 | D:9      | Killed a two-headed ogre
  8518 | D:9      | Reached skill level 5 in Axes
  8518 | D:9      | Reached XP level 11. HP: 84/84 MP: 9/9
  8720 | D:9      | Gained mutation: You cannot study or cast Air magic. [Ru
                  | sacrifice]
  8720 | D:9      | Gained mutation: You cannot study or cast Transmutations
                  | magic. [Ru sacrifice]
  8720 | D:9      | Gained mutation: You cannot study or cast Translocations
                  | magic. [Ru sacrifice]
  8720 | D:9      | Reached *** piety under Ru
  8854 | D:9      | Reached skill level 5 in Dodging
  8925 | D:9      | Found an ornate altar of the Wu Jian Council.
  8955 | D:9      | Found Deatab's Weapon Shoppe.
  8967 | D:9      | Found a staircase to the Orcish Mines.
  9299 | D:10     | Entered Level 10 of the Dungeon
  9629 | D:10     | Found a staircase to the Lair.
 10250 | D:10     | Reached XP level 12. HP: 82/94 MP: 10/10
 10251 | D:10     | Noticed a two-headed ogre
 10259 | D:10     | Killed a two-headed ogre
 10981 | D:11     | Found a transporter.
 10984 | D:11     | Found a transporter.
 10984 | D:11     | Noticed arthad's ghost (journeyman DrSh)
 10988 | D:11     | Noticed a boulder beetle
 10996 | D:11     | Noticed a skeletal warrior
 11181 | D:11     | Reached skill level 10 in Axes
 11422 | D:11     | Found Kethreley's One-of-a-Kind Rings.
 11427 | D:11     | Bought the ring "Ochyepal" {Will+ rCorr Dex-5 Slay+3} for
                  | 520 gold pieces
 11879 | D:11     | Killed a skeletal warrior
 12120 | D:11     | Killed a boulder beetle
 12377 | D:11     | HP: 3/142 [freezing wraith (16)]
 12379 | D:11     | Slain by arthad's ghost

Illustrated notes

Levels and vault maps discovered:
D:1:      psy_arrival_fountain, layout_basic,
          shapermc_ecumenical_altar_mp_urbaneastern
D:2:      layout_basic, minmay_misc_feat_four_crosses, st_stairs_1,
          minmay_unequal, uniq_jessica, uniq_robin, uniq_sigmund
D:3:      layout_loops_ring, gammafunk_ghost_split
D:4:      minmay_chambers_of_fours, layout_loops_ring,
          chequers_temple_overflow_minitemple,
          minmay_temple_entry_gardened_gates, grunt_ministairs_4,
          grunt_decor_mini_mirrors, minmay_pentangle, uniq_natasha,
          uniq_crazy_yiuf_cottage
D:5:      layout_basic, tso_altar, xom_butterflies, uniq_edmund
D:6:      minmay_cornered_nines, layout_loops_ring, lemuel_crystal_altar
D:7:      layout_basic, okawaru_trees_2, lemuel_coloured_pillars_altar,
          serial_shops, nicolae_shop_advertising_works
          [nicolae_subvault_shop_adworks], corner_web_ring
D:8:      layout_basic
D:9:      layout_gridville, nzn_wu_jian_council_hall, orc_david_3, serial_shops,
          nicolae_shop_tiny_statue_garden, gammafunk_ghost_grave,
          kennysheep_generic_room_2
D:10:     layout_long_grid, minmay_lair_entry_grove
D:11:     layout_loops_ring, serial_rivers, chequers_serial_rivers_large_a,
          chequers_serial_rivers_small_a, chequers_serial_rivers_micro_a,
          chequers_serial_rivers_small_b, chequers_serial_rivers_micro_b,
          chequers_serial_rivers_micro_b, gammafunk_ghost_arena,
          nicolae_shop_unique_rings

Skill      XL: |  1  2  3  4  5  6  7  8  9 10 11 12 |
---------------+-------------------------------------+-----
Armour         | 4 5 6 |  6.8
Polearms       | 3 4 5 7 9 10 | 10.2
Dodging        | 1 2 3 4 5 6 |  6.0
Fighting       | 4 5 6 7 8 9 |  9.1
Shields        | 5 6 7 |  7.6
Stealth        | 2 3 4 |  4.3
Axes           | 5 9 10 | 10.3
Throwing       | |  0.8

Action                     |  1- 3 |  4- 6 |  7- 9 | 10-12 || total
---------------------------+-------+-------+-------+-------++-------
  Melee: Trident           |    70 |    46 |       |       ||   116
         Halberd           |       |    36 |   369 |    76 ||   481
         Battleaxe         |       |       |       |   257 ||   257
  Throw: Boomerang         |     3 |       |       |       ||     3
         Javelin           |       |       |       |     4 ||     4
 Invoke: Sacrifice Essence |     1 |       |       |     1 ||     2
         Sacrifice Love    |       |       |     1 |       ||     1
         Sacrifice Arcana  |       |       |       |     1 ||     1
    Use: Potion            |     2 |       |     3 |     3 ||     8
         Scroll            |       |     2 |     6 |     9 ||    17
   Stab: Distracted        |       |       |     1 |     1 ||     2
         Sleeping          |       |       |     1 |     2 ||     3
         Invisible         |       |       |       |     1 ||     1
 Armour: Scale mail        |    29 |    36 |   128 |       ||   193
         Skin              |       |       |    22 |    34 ||    56
         Steam dragon scal |       |       |    10 |    97 ||   107
         Leather armour    |       |       |       |    11 ||    11
  Dodge: Dodged            |    27 |    39 |   137 |   238 ||   441
  Block: Buckler           |    10 |    11 |    76 |    86 ||   183

Table legend: (Time is in decaauts)
 A = Elapsed time spent in this place.
 B = Non-inter-level travel time spent in this place.
 C = Inter-level travel time spent in this place.
 D = Time resting spent in this place.
 E = Time spent auto-exploring this place.
 F = Levels seen in this place.
 G = Mean time per level.
                   A        B        C        D        E       F      G
               +--------+--------+--------+--------+--------+-----+--------+
         Total |  12564 |  12159 |    405 |    576 |   8985 |  11 | 1142.2 |
       Dungeon |  12564 |  12159 |    405 |    576 |   8985 |  11 | 1142.2 |
               +--------+--------+--------+--------+--------+-----+--------+

Top non-repeatable levels by time:
    D:11: 1806 daAuts
     D:4: 1566 daAuts
    D:10: 1309 daAuts
     D:3: 1163 daAuts
     D:6: 1025 daAuts
     D:1: 1000 daAuts
     D:2: 997 daAuts
     D:8: 969 daAuts
     D:9: 957 daAuts
     D:7: 911 daAuts
     D:5: 856 daAuts
